AoeStats
← Chrissaurio

Arabia

510947914Analyzed
2v2 RM · 19h ago on Oct 3, 2026· 80m 27s· 4 players
Game mode
Random Map
Map size
Medium (4 player)
Population
200
Speed
Normal
Resources
Standard
Victory
Conquest
Starting age
Dark Age
Ending age
Imperial Age
RankedLock teamsTeams togetherTeam positionsShared explorationLock speedFull tech treeHidden civsTurbo modeCheats
Victory
Defeat
🇨🇳 Khmer · China
643
+13
🇨🇳 Persians · China
643
+14
🇲🇽 Magyars · Mexico
603
-14
🇲🇽 Goths · Mexico
582
-13
Chrissaurio
11:24 Feudal Age
11:50 Double-Bit Axe
11:47 Horse Collar
15:40 Scale Barding Armor
16:46 Bloodlines
22:17 Castle Age
22:28 Light Cavalry
23:25 Bow Saw
23:17 Heavy Plow
23:35 Loom
28:00 Pikeman
29:12 Gold Mining
30:35 Chain Barding Armor
31:15 Wheelbarrow
33:44 Stone Mining
34:22 Arson
48:59 Imperial Age
51:30 Conscription
53:52 Ballistics
58:26 Hand Cart
60:25 Halberdier
61:20 Husbandry
63:45 Two-Man Saw
63:17 Crop Rotation
guacalover94
10:43 Feudal Age
12:45 Man-at-Arms
17:22 Forging
18:46 Scale Mail Armor
20:30 Wheelbarrow
23:32 Horse Collar
27:26 Bloodlines
35:14 Double-Bit Axe
39:10 Castle Age
39:19 Pikeman
39:30 Light Cavalry
41:02 Husbandry
41:37 Squires
47:54 Hand Cart
67:44 Long Swordsman
82:08 Imperial Age
2205989282
12:28 Loom
14:37 Feudal Age
20:51 Castle Age
27:23 Wheelbarrow
27:52 Horse Collar
29:00 Double-Bit Axe
37:24 Heavy Plow
37:57 Town Watch
62:08 Bow Saw
63:08 Hand Cart
66:57 Imperial Age
68:26 Crop Rotation
67:38 Heavy Scorpion
70:35 Double Crossbow
71:08 Town Patrol
72:10 Elite Battle Elephant
75:40 Gold Mining
77:28 Cavalier
78:21 Bloodlines
79:24 Husbandry
1679297837
15:12 Feudal Age
21:04 Horse Collar
21:16 Double-Bit Axe
23:35 Castle Age
22:57 Scale Barding Armor
23:41 Stone Mining
23:43 Gold Mining
24:16 Forging
25:23 Heavy Plow
28:34 Chain Barding Armor
28:50 Iron Casting
32:49 Bow Saw
39:42 Wheelbarrow
42:41 Gold Shaft Mining
46:18 Kamandaran
46:24 Padded Archer Armor
46:15 Fletching
48:36 Crossbowman
49:28 Thumb Ring
60:39 Imperial Age
58:26 Bodkin Arrow
58:48 Leather Archer Armor
61:11 Husbandry
61:21 Bloodlines
60:47 Elite War Elephant
62:45 Blast Furnace
62:21 Plate Barding Armor
Connection lost

Rejoining the realm…

Still unreachable

The connection could not be restored.

Session expired

The server has moved on; the page needs a fresh start.